 Dungeon Crawl Stone Soup version 0.26.1-2-gb8aa6d0cf2 (webtiles) character file.

Game seed: 14523194580306210766

50 CryoSword the Gusty (level 3, -2/20 HPs)
             Began as a Tengu Air Elementalist on Feb 13, 2021.
             Slain by a gnoll
             ... wielding a +0 whip
              (7 damage)
             ... on level 1 of the Dungeon.
             The game lasted 00:05:08 (1520 turns).

CryoSword the Gusty (Tengu Air Elementalist)        Turns: 1520, Time: 00:05:09

Health: -2/20      AC:  3    Str: 14    XL:     3   Next: 79%
Magic:  1/7        EV: 12    Int: 16    God:
Gold:   66         SH:  0    Dex: 14    Spells: 3/6 levels left

rFire    . . .     SeeInvis .   k - +0 whip
rCold    . . .     Faith    .   (no shield)
rNeg     . . .     Spirit   .   a - +1 robe
rPois    .         Reflect  .   (helmet restricted)
rElec    .         Harm     .   (no cloak)
rCorr    .         Rampage  .   (no gloves)
Will     .....                  (boots unavailable)
Stlth    +.........             (no amulet)
HPRegen  0.06/turn              b - +6 ring of strength
MPRegen  0.10/turn              d - ring of attention (curse)

@: sluggish, very slow
A: beak, talons 3
a: no special abilities


You were on level 1 of the Dungeon.
You visited 1 branch of the dungeon, and saw 2 of its levels.

You collected 66 gold pieces.

Inventory:

Hand Weapons
 k - a +0 whip (weapon)
   (You took it off a kobold on level 1 of the Dungeon)
Missiles
 h - 53 stones
Armour
 a - a +1 robe (worn)
Jewellery
 b - a +6 ring of strength (left hand)
   (You found it on level 1 of the Dungeon)
 d - a cursed ring of attention (right hand)
   (You found it on level 1 of the Dungeon)
Potions
 e - a potion of curing {@q1}
 g - a potion of brilliance {unknown}
 i - a potion of haste {unknown}


   Skills:
 + Level 1.3 Fighting
 - Level 2.1 Dodging
 - Level 2.0 Stealth
 - Level 2.0 Spellcasting
 * Level 3.5 Conjurations
 + Level 4.6 Air Magic


You had 3 spell levels left.
You knew the following spells:

 Your Spells              Type           Power        Failure   Level
a - Shock                 Conj/Air       56%          4%          1
b - Swiftness             Air            16%          4%          2

Your spell library contained the following spells:

 Spells                   Type           Power        Failure   Level
 Static Discharge         Conj/Air       14%          12%         3
 Airstrike                Air            8%           30%         4
 Lightning Bolt           Conj/Air       7%           73%         5


Dungeon Overview and Level Annotations

Branches:
Dungeon (2/15)

Altars:


Innate Abilities, Weirdness & Mutations

You have a beak for a mouth.
You have claws for feet.


Message History

A goblin comes into view. It is wielding a +0 club.
Aim: a goblin, wielding a +0 club (asleep, 0% to evade)
The zap hits the goblin.
You kill the goblin!
Things that are here:
a +0 club; a goblin corpse A hobgoblin comes into view.
Aim: a hobgoblin (asleep, 0% to evade)
The zap hits the hobgoblin.
The hobgoblin shouts!
The zap hits the hobgoblin.
A hobgoblin is nearby!
Aim: a hobgoblin (severely wounded, 32% to evade)
The zap misses the hobgoblin.
Aim: a hobgoblin (heavily wounded, 32% to evade)
The zap hits the hobgoblin.
You kill the hobgoblin!
You start resting.
You see here a hobgoblin corpse.
d - a scratched brass ring You open the door.
Oops, that ring feels deathly cold.
d - a cursed ring of attention (right hand)
As you read the scroll labelled ADECSAY RONA, it crumbles to dust.
It is a scroll of enchant armour.
Your +0 robe glows green for a moment.
As you read the scroll labelled INNANA MONA, it crumbles to dust.
Your brain hurts!
It was a scroll of random uselessness.
As you read the scroll labelled QIFUPR UQOMO, it crumbles to dust.
It is a scroll of identify.
e - a potion of curing Unknown command.
As you read the scroll labelled XUFROS QILOACS, it crumbles to dust.
You assume a fearsome visage.
Nothing appears to happen.
It was a scroll of fear.
There is an open door here.
There is an open door here.
A kobold comes into view.
The kobold shouts!
Aim: a kobold (40% to evade)
The zap hits the kobold.
You kill the kobold!
There is an open gate here.
There is a staircase leading out of the dungeon here.
h - 53 stones (gained 8)
There is an open gate here.
You open the door.
There is an open door here.
There is an open door here.
Found a dagger.
You see here a dagger.
Done exploring.
Done exploring.
There is a stone staircase leading down here.
You climb downwards.
A hobgoblin comes into view. It is wielding a +0 club.
The hobgoblin shouts!
Found a hunting sling and 15 stones.
There is a stone staircase leading up here.
The hobgoblin hits you but does no damage.
You climb upwards.
There is a stone staircase leading down here.
Aim: a hobgoblin, wielding a +0 club (32% to evade)
The zap misses the hobgoblin.
Aim: a hobgoblin, wielding a +0 club (32% to evade)
The zap misses the hobgoblin.
The hobgoblin hits you with a +0 club.
Aim: a hobgoblin, wielding a +0 club (32% to evade)
The zap hits the hobgoblin.
You kill the hobgoblin!
Things that are here:
a +0 club; a hobgoblin corpse Done exploring.
There is a stone staircase leading down here.
You climb downwards.
A gnoll comes into view. It is wielding a +0 spear.
The gnoll shouts!
You hear a shout! x2
There is a stone staircase leading up here.
Aim: a gnoll, wielding a +0 spear (28% to evade)
The zap hits the gnoll.
Aim: a gnoll, wielding a +0 spear (heavily wounded, 28% to evade)
The zap hits the gnoll.
Aim: a gnoll, wielding a +0 spear (almost dead, 28% to evade)
The zap hits the gnoll.
You kill the gnoll!
Your Fighting skill increases to level 1!
Your Conjurations skill increases to level 3!
You have reached level 3!
Your experience leads to an increase in your attributes!
Your base attributes are Str 8, Int 15, Dex 14.
Increase (S)trength, (I)ntelligence, or (D)exterity?
You feel clever.
You climb upwards.
There is a stone staircase leading down here.
You start resting.
There is a stone staircase leading down here.
You climb downwards.
A gnoll comes into view. It is wielding a +0 club.
There is a stone staircase leading up here.
Aim: a gnoll, wielding a +0 club (28% to evade)
The zap hits the gnoll.
An adder comes into view.
Aim: a gnoll, wielding a +0 club (heavily wounded, 28% to evade)
The zap hits the gnoll.
The adder hisses angrily.
Aim: a gnoll, wielding a +0 club (severely wounded, 28% to evade)
The zap hits the gnoll.
You kill the gnoll!
The zap hits the adder.
You climb upwards.
There is a stone staircase leading down here.
There is a stone staircase leading down here.
You climb downwards.
A gnoll comes into view.
The gnoll shouts!
The gnoll barely misses you.
There is a stone staircase leading up here.
The gnoll barely misses you. The gnoll hits you with a +0 whip!
You climb upwards.
There is a stone staircase leading down here.
The gnoll hits you.
* * * LOW HITPOINT WARNING * * *
The gnoll hits you with a +0 whip.
* * * LOW HITPOINT WARNING * * *
Things that are here:
a +0 club; a hobgoblin corpse The gnoll barely misses you.
Aim: a gnoll, wielding a +0 whip (25% to evade)
The zap hits the gnoll.
The zap misses the gnoll.
You see here a dagger.
You feel quick. The gnoll hits you with a +0 whip.
You start to feel a little slower.
Aim: a gnoll, wielding a +0 whip (25% to evade)
The zap hits the gnoll.
The zap hits the gnoll but does no damage.
Aim: a gnoll, wielding a +0 whip (lightly wounded, 25% to evade)
The zap hits the gnoll. x2
Aim: a gnoll, wielding a +0 whip (moderately wounded, 25% to evade)
The zap hits the gnoll. x2
Aim: a gnoll, wielding a +0 whip (moderately wounded, 25% to evade)
The zap misses the gnoll.
The zap hits the gnoll but does no damage.
The gnoll completely misses you.
Aim: a gnoll, wielding a +0 whip (moderately wounded, 25% to evade)
The zap hits the gnoll. x2
You kill the gnoll!
You feel sluggish. The gnoll hits you with a +0 whip!
* * * LOW HITPOINT WARNING * * *
The gnoll hits you with a +0 whip!
You die...

.#.# #......# #.#
.#.#####.####.# #.#
.#............# #.#
.#.####.....########.#
.#.# #..............#
...# #.....##########
.#.###############
.............†.g.#
...#############@#
.)># #...# g### #.###
.# #.# ## #.# #.# #.#
############## #.#
#............# #.#
#.##########.###


You could see a gnoll.

Vanquished Creatures
  3 gnolls
  7 goblins (D:1)
  2 hobgoblins (D:1)
  3 jackals (D:1)
  A bat (D:1)
  2 frilled lizards (D:1)
  4 kobolds (D:1)
22 creatures vanquished.

Notes
Turn   | Place    | Note
-------+----------+-------------------------------------------
     0 | D:1      | CryoSword the Tengu Air Elementalist began the quest for
                  | the Orb.
     0 | D:1      | Reached XP level 1. HP: 10/10 MP: 4/4
   121 | D:1      | Reached XP level 2. HP: 16/16 MP: 0/6
   543 | D:1      | Learned a level 2 spell: Swiftness
  1272 | D:2      | Reached skill level 1 in Fighting
  1272 | D:2      | Reached XP level 3. HP: 20/20 MP: 3/7
  1520 | D:1      | Slain by a gnoll

Illustrated notes

Levels and vault maps discovered:
D:1:      kennysheep_arrival_forest, layout_basic,
          minmay_misc_feat_secret_circle, minmay_split_cup_small
D:2:      layout_loops_corners, tgw_trog, uniq_crazy_yiuf_cottage

Skill      XL: |  1  2 |
---------------+-------+-----
Conjurations   | 2 3 |  3.5
Fighting       | 1 |  1.3
Dodging        | |  2.1
Stealth        | |  2.0
Spellcasting   | |  2.0
Air Magic      | |  4.6

Action                   || total
-------------------------++-------
 Cast: Shock             ||    40
       Swiftness         ||     1
  Use: Scroll            ||     4
Armor: Robe              ||     1
Dodge: Dodged            ||     4
